AoeStats
← TheQuietRiot

Black Forest

504714336Analyzed
1v1 RM · 27d ago on Sep 6, 2026· 49m 10s· 2 players
Game mode
Random Map
Map size
Tiny (2 player)
Population
200
Speed
Normal
Resources
Standard
Victory
Conquest
Starting age
Dark Age
Ending age
Imperial Age
RankedLock teamsTeams togetherTeam positionsShared explorationLock speedFull tech treeHidden civsTurbo modeCheats
Victory
Defeat
🇬🇧 Britons · United Kingdom
945
+14
🇮🇳 Khmer · India
897
-14
TheQuietRiot
8:38 Loom
10:50 Feudal Age
11:27 Double-Bit Axe
12:31 Horse Collar
15:44 Wheelbarrow
21:37 Castle Age
20:57 Town Watch
23:38 Bow Saw
23:59 Hand Cart
24:02 Fletching
24:26 Gold Mining
24:27 Stone Mining
25:55 Heavy Plow
26:32 Crossbowman
29:39 Gold Shaft Mining
33:20 Imperial Age
31:15 Padded Archer Armor
31:26 Forging
33:22 Town Patrol
33:47 Ballistics
33:25 Murder Holes
34:23 Bodkin Arrow
35:40 Yeomen
35:23 Man-at-Arms
35:23 Pikeman
36:06 Bracer
36:42 Iron Casting
36:07 Scale Mail Armor
37:56 Chemistry
37:32 Warwolf
37:36 Arbalester
41:01 Squires
40:49 Gambesons
40:47 Elite Longbowman
41:55 Conscription
42:38 Hoardings
41:35 Sappers
43:25 Siege Engineers
44:03 Halberdier
45:02 Leather Archer Armor
45:48 Blast Furnace
45:03 Chain Mail Armor
stormy
5:09 Loom
12:32 Feudal Age
15:46 Castle Age
15:23 Stone Mining
15:21 Double-Bit Axe
15:19 Horse Collar
25:28 Wheelbarrow
26:54 Hand Cart
26:48 Heavy Plow
28:03 Bloodlines
27:54 Husbandry
33:20 Imperial Age
31:19 Forging
32:39 Gold Mining
33:01 Scale Barding Armor
33:32 Iron Casting
33:17 Man-at-Arms
34:11 Elite Battle Elephant
35:41 Conscription
37:10 Chemistry
39:19 Tusk Swords
40:17 Gold Shaft Mining
41:29 Light Cavalry
43:49 Blast Furnace
43:10 Chain Barding Armor
42:31 Hussar
44:25 Scale Mail Armor
44:20 Long Swordsman
46:18 Ballistics
47:57 Elite Skirmisher
48:35 Fletching
48:46 Padded Archer Armor
Connection lost

Rejoining the realm…

Still unreachable

The connection could not be restored.

Session expired

The server has moved on; the page needs a fresh start.